 Dungeon Crawl Stone Soup version 0.22-a0-305-gd21a89c (webtiles) character file.

32 Auros the Ruffian (level 3, -5/33 HPs)
             Began as a Ghoul Monk on Mar 28, 2018.
             Slain by a gnoll
             ... wielding a +0 halberd
              (11 damage)
             ... on level 2 of the Dungeon.
             The game lasted 00:06:16 (904 turns).

Auros the Ruffian (Ghoul Monk)                       Turns: 904, Time: 00:06:16

Health: -5/33      AC:  6    Str: 15    XL:     3   Next: 27%
Magic:  2/2        EV: 10    Int:  5    God:
Gold:   30         SH:  0    Dex: 11    Spells: 2/2 levels left

rFire    . . .     SeeInvis .     - Unarmed
rCold    + . .     Gourm    .   (no shield)
rNeg     + + +     Faith    .   i - +0 scale mail
rPois    ∞         Spirit   .   (no helmet)
rElec    .         Reflect  .   (no cloak)
rCorr    .         Harm     .   (no gloves)
MR       .....                  (no boots)
Stlth    +.........             (no amulet)
HPRegen  0.00/turn              (no ring)
MPRegen  0.08/turn              (no ring)

@: rotting
A: rotting body, claws 1, carnivore, cold resistance 1, negative energy
resistance 3, inhibited regeneration, torment resistance, unbreathing
a: no special abilities


You were on level 2 of the Dungeon.
You were not hungry.

You visited 1 branch of the dungeon, and saw 2 of its levels.

You collected 30 gold pieces.

Inventory:

Missiles
 e - 51 stones (quivered)
Armour
 a - a +0 robe
 i - a +0 scale mail (worn)
Scrolls
 c - a scroll of random uselessness {unknown}
 g - a scroll of amnesia {unknown}
Potions
 d - a potion of lignification {unknown}
 h - a potion of curing {unknown}
Comestibles
 b - a ration


   Skills:
 + Level 3.6 Fighting
 + Level 3.1 Dodging
 + Level 2.3 Stealth
 + Level 3.9 Unarmed Combat


You had 2 spell levels left.
You didn't know any spells.

Dungeon Overview and Level Annotations

Branches:
Dungeon (2/15)

Altars:


Innate Abilities, Weirdness & Mutations

Your body is rotting away.
You thrive on raw meat.
You are immune to poison.
You have sharp fingernails.
You are carnivorous and can eat meat at any time.
Your flesh is cold resistant. (rC+)
You are immune to negative energy. (rN+++)
You do not regenerate when monsters are visible.
You are immune to unholy pain and torment.
You can survive without breathing.


Message History

The gnoll is moderately wounded.
The gnoll barely misses you. The gnoll closely misses you.
Sorry, you're not good enough to have a special ability.
Sorry, you're not good enough to have a special ability.
Eat one of 3 chunks of flesh? (ye/n/q)
You eat one of the 3 chunks of flesh.
This raw flesh tastes great!
The gnoll hits you but does no damage. The gnoll barely misses you.
Eat one of 2 chunks of flesh? (ye/n/q)
You eat one of the 2 chunks of flesh.
This raw flesh tastes great!
The gnoll hits you from afar with a spear.
Eat a chunk of flesh? (ye/n/q)
You eat the chunk of flesh.
This raw flesh tastes great!
The gnoll hits you with a halberd.
The gnoll hits you from afar with a spear!
The gnoll hits you from afar with a halberd!
* * * LOW HITPOINT WARNING * * *
A rat comes into view.
There is a stone staircase leading up here.
The gnoll hits you from afar with a halberd!
You die...

.g. #.# #....# #w# #.#
#....# #.###.#
###....#
#.##..###......#
######.#....r..#....##
........w.######r....#
####..##### #g....#
#.. #.....# #..
#@[...# #.. ###.#.#
#.. #.#..# ... #.##..#
#.# #.# #.# .. #.# ..


You could see a gnoll and a rat.

Vanquished Creatures
  An ooze (D:1)
  4 bats (D:1)
  3 giant cockroaches (D:1)
  5 goblins (D:1)
  2 hobgoblins (D:1)
  A jackal (D:1)
  3 kobolds (D:1)
  2 frilled lizards (D:1)
  5 rats
26 creatures vanquished.

Notes
Turn   | Place    | Note
-------+----------+-------------------------------------------
     0 | D:1      | Auros the Ghoul Monk began the quest for the Orb.
     0 | D:1      | Reached XP level 1. HP: 19/19 MP: 0/0
   229 | D:1      | Reached XP level 2. HP: 16/25 MP: 1/1
   443 | D:1      | Reached XP level 3. HP: 31/31 MP: 2/2
   904 | D:2      | Slain by a gnoll

Vault maps used:
D:1:      matt_arrival_debris, st_stairs_10, minivault_23
D:2:      gammafunk_temple_overflow_wave

Skill      XL: |  1  2 |
---------------+-------+-----
Dodging        | 3 |  3.1
Fighting       | |  3.6
Stealth        | |  2.3
Unarmed Combat | |  3.9

Action                   || total
-------------------------++-------
Melee: Unarmed           ||    64
 Stab: Sleeping          ||     4
  Eat: Chunk             ||    10
Armor: Robe              ||    12
       Scale mail        ||     2
Dodge: Dodged            ||    38

Table legend:
 A = Spawn XP
 B = Non-spawn XP
 C = Spawn XP percentage of total XP
 D = Spawn monster count
 E = Non-spawn monster count
 F = Spawn count percentage of total count
 G = Total turns spent on level
                    A         B        C        D         E        F      G
               +---------+---------+-------+---------+---------+-------+---------
         Total |       0 |      47 |   0.0 |       0 |      26 |   0.0 |   904
               +---------+---------+-------+---------+---------+-------+---------
           D:1 |       0 |      46 |   0.0 |       0 |      25 |   0.0 |   845
           D:2 |       0 |       1 |   0.0 |       0 |       1 |   0.0 |    59
               +---------+---------+-------+---------+---------+-------+---------
